[Event "European Womens-ch 2025"]
[Site "Rhodes"]
[Date "2025.03.31"]
[Round "1.55"]
[White "Sandu, Mihaela"]
[Black "Nahapetyan, Ani"]
[Result "1/2-1/2"]
[Annotator "RC"]
[ECO "B92"]
[WhiteElo "2230"]
[BlackElo "1887"]
[PlyCount "179"]
[EventDate "2025.03.29"]
[EventType "swiss"]
[EventCountry "GRE"]
[SourceTitle "playchess.com"]
[Source "ChessBase"]
[SourceQuality "1"]
[TimeControl "40/5400+30:1800+30"]

1. e4 c5 2. Nf3 d6 3. d4 cxd4 4. Nxd4 Nf6 5. Nc3 a6 6. Be2 e5 7. Nb3 Be7 8. O-O O-O 9. Be3 Be6 10. Qd2 Nbd7 11. a4 Rc8 12. a5 Ng4 13. Bxg4 Bxg4 14. Nc1 Be6 15. Nd3 Nf6 16. Bb6 Qd7 17. Rfe1 Bd8 18. Be3 Ng4 19. Nb4 Nxe3 20. Qxe3 Rc5 21. Nd3 Rxa5 22. Rad1 Qc6 23. Kh1 Bc4 24. Qd2 Qb6 25. b3 Bxd3 26. Qxd3 Qxf2 27. Re3 Bb6 28. Rf3 Qh4 29. Nd5 Bd4 30. c3 Ba7 31. Rdf1 Rc5 32. Rh3 Rxd5 33. Qxd5 Qe7 34. Rhf3 Bb6 35. g3 Qd7 36. Kg2 Bd8 37. Rd1 Be7 38. Qxe5 f6 39. Qd5+ Kh8 40. c4 Qc7 41. Rfd3 Rc8 42. h4 Qb8 43. Qe6 Bf8 44. Rd5 Re8 45. Qg4 Qc7 46. h5 h6 47. Qg6 Qc8 48. c5 dxc5 49. Rd7 b5 50. Qf7 c4 51. bxc4 bxc4 52. Rc7 Qb8 53. Qxc4 Rxe4 54. Qxe4 Qxc7 55. Qd5 Qe7 56. Rd2 Qb4 57. Re2 Qb5 58. Qxb5 axb5 59. Rd2 Kg8 60. Rd7 b4 61. Rb7 Bd6 62. Kf3 Kf8 63. g4 Kg8 64. Ke4 Kh7 65. Kd5 Bf8 66. Ke6 Bc5 67. Rb5 Bf8 68. Kf7 Bd6 69. Rb7 Bc5 70. Rb8 Bd4 71. Rxb4 Bc3 72. Rc4 Be5 73. Ke6 Ba1 74. Rc8 Bd4 75. Rd8 Bc3 76. Rf8 Bb2 77. Rf7 Bc3 78. Kd7 Bd4 79. Ke8 Bc3 80. Kf8 Bb4+ 81. Ke8 Bc3 82. Rc7 Be5 83. Rb7 Bd4 84. Kf7 Be5 85. Re7 Bc3 86. Re8 Bd4 87. Rg8 f5 88. gxf5 Bf6 89. Ra8 Bd4 90. Rd8 1/2-1/2

[Event "European Womens-ch 2025"]
[Site "Rhodes"]
[Date "2025.03.31"]
[Round "1.56"]
[White "Kalyva, Kyriaki"]
[Black "Zherebtsova, Alexandra"]
[Result "0-1"]
[Annotator "RC"]
[ECO "A14"]
[WhiteElo "1885"]
[BlackElo "2229"]
[PlyCount "74"]
[EventDate "2025.03.29"]
[EventType "swiss"]
[EventCountry "GRE"]
[SourceTitle "playchess.com"]
[Source "ChessBase"]
[SourceQuality "1"]
[TimeControl "40/5400+30:1800+30"]

1. Nf3 Nf6 2. c4 e6 3. b3 b6 4. Bb2 Bb7 5. g3 Be7 6. Bg2 O-O 7. O-O c5 8. Nc3 d5 9. cxd5 Nxd5 10. Re1 Nxc3 11. dxc3 Qc7 12. e4 c4 13. Qe2 Nd7 14. b4 a5 15. a3 e5 16. b5 a4 17. Bf1 Rac8 18. Nd2 Nc5 19. Qxc4 Rfd8 20. Rad1 Qb8 21. Qa2 Nd3 22. Nc4 Nxe1 23. Rxe1 Qc7 24. Bc1 Bc5 25. Qe2 Rb8 26. Qh5 f6 27. g4 Qf7 28. Qh4 Kh8 29. g5 Rf8 30. Qg3 Bc8 31. Be3 Bxe3 32. Rxe3 Be6 33. Nd2 Rbd8 34. Nf3 Rd1 35. Kg2 Bc4 36. Be2 Bxe2 37. Rxe2 Qc4 0-1

[Event "European Womens-ch 2025"]
[Site "Rhodes"]
[Date "2025.03.31"]
[Round "1.58"]
[White "Kosma, Maria"]
[Black "Khurtsilava, Inga"]
[Result "1-0"]
[Annotator "RC"]
[ECO "A34"]
[WhiteElo "1826"]
[BlackElo "2214"]
[PlyCount "75"]
[EventDate "2025.03.29"]
[EventType "swiss"]
[EventCountry "GRE"]
[SourceTitle "playchess.com"]
[Source "ChessBase"]
[SourceQuality "1"]
[TimeControl "40/5400+30:1800+30"]

1. e4 c5 2. Nf3 b6 3. c4 Bb7 4. Nc3 Nf6 5. e5 Ng4 6. h3 Nh6 7. d4 cxd4 8. Nxd4 g6 9. Bf4 Nc6 10. Nf3 Nf5 11. Bd3 Ncd4 12. Nxd4 Nxd4 13. Be4 Bxe4 14. Nxe4 Ne6 15. Bg3 Bg7 16. O-O Qc7 17. Nf6+ Bxf6 18. exf6 Qc6 19. fxe7 Kxe7 20. Re1 h5 21. Qd4 g5 22. Rad1 Rag8 23. b4 Kd8 24. Qf6+ Kc8 25. Rd6 Qb7 26. c5 bxc5 27. bxc5 h4 28. Bh2 Re8 29. Qc3 Nd8 30. Red1 Nc6 31. Rxd7 Qxd7 32. Rxd7 Kxd7 33. Qd3+ Kc8 34. Qa6+ Kd8 35. Bd6 Nd4 36. Qxa7 Re1+ 37. Kh2 Rh6 38. Qc7+ 1-0

[Event "European Womens-ch 2025"]
[Site "Rhodes"]
[Date "2025.03.31"]
[Round "1.59"]
[White "Velikic, Adela"]
[Black "Mitraka, Chrysoula-Paraskevi"]
[Result "1-0"]
[Annotator "RC"]
[ECO "B11"]
[WhiteElo "2214"]
[BlackElo "1820"]
[PlyCount "123"]
[EventDate "2025.03.29"]
[EventType "swiss"]
[EventCountry "GRE"]
[SourceTitle "playchess.com"]
[Source "ChessBase"]
[SourceQuality "1"]
[TimeControl "40/5400+30:1800+30"]

1. e4 c6 2. Nf3 d5 3. Nc3 dxe4 4. Nxe4 Nf6 5. Qe2 Nxe4 6. Qxe4 Nd7 7. Bc4 Nf6 8. Ne5 e6 9. Qe2 Bd6 10. d4 Qc7 11. O-O O-O 12. Re1 c5 13. dxc5 Qxc5 14. Bf4 Nd7 15. Nd3 Qc7 16. Bxd6 Qxd6 17. Rad1 Qc7 18. Nc1 Nf6 19. Rd4 b6 20. Nd3 Bb7 21. Ne5 Rad8 22. Red1 Rxd4 23. Rxd4 Rd8 24. Rxd8+ Qxd8 25. Nxf7 Qe7 26. Ng5 Bd5 27. Bxd5 Nxd5 28. Qxe6+ Qxe6 29. Nxe6 Nb4 30. Nd4 Nxa2 31. f4 Nb4 32. Kf2 Nd5 33. Kf3 Nf6 34. g4 h6 35. c4 Kf7 36. h4 a5 37. f5 Ke7 38. Kf4 Nd7 39. g5 hxg5+ 40. hxg5 Nc5 41. b3 Nd7 42. Ne6 g6 43. Nd4 gxf5 44. Kxf5 Kf7 45. g6+ Kg7 46. Ne6+ Kg8 47. Ke4 Nf6+ 48. Ke5 Ng4+ 49. Kd6 Ne3 50. c5 bxc5 51. Kxc5 Nc2 52. Kc4 Na3+ 53. Kd5 Nc2 54. Ke5 Na1 55. Nd4 Kg7 56. Kf5 Kg8 57. Kf6 Kf8 58. g7+ Kg8 59. Nf5 Nxb3 60. Ne7+ Kh7 61. g8=Q+ Kh6 62. Qg6# 1-0

[Event "European Womens-ch 2025"]
[Site "Rhodes"]
[Date "2025.03.31"]
[Round "1.60"]
[White "Bania, Eleni"]
[Black "Lehaci, Miruna-Daria"]
[Result "0-1"]
[Annotator "RC"]
[ECO "B60"]
[WhiteElo "1809"]
[BlackElo "2212"]
[PlyCount "66"]
[EventDate "2025.03.29"]
[EventType "swiss"]
[EventCountry "GRE"]
[SourceTitle "playchess.com"]
[Source "ChessBase"]
[SourceQuality "1"]
[TimeControl "40/5400+30:1800+30"]

1. e4 c5 2. Nf3 Nc6 3. d4 cxd4 4. Nxd4 Nf6 5. Nc3 d6 6. Bg5 a6 7. Qd3 Bd7 8. f4 Rc8 9. Nxc6 Bxc6 10. Be2 b5 11. O-O e6 12. a3 Be7 13. Rad1 O-O 14. Bf3 Qc7 15. Kh1 Rfd8 16. Qe2 h6 17. Bh4 Qb7 18. e5 Bxf3 19. Qxf3 Qxf3 20. Rxf3 dxe5 21. Rxd8+ Bxd8 22. fxe5 Ng4 23. Bg3 Bc7 24. Kg1 Nxe5 25. Bxe5 Bxe5 26. Kf2 Bxc3 27. bxc3 Rc4 28. Ke2 Ra4 29. Kd2 Kf8 30. Kc1 Rxa3 31. Kb2 Ra4 32. Kb3 Ke7 33. h3 f5 0-1

[Event "European Womens-ch 2025"]
[Site "Rhodes"]
[Date "2025.03.31"]
[Round "1.61"]
[White "Lach, Aleksandra"]
[Black "Harutyunyan, Gabriela"]
[Result "1/2-1/2"]
[Annotator "RC"]
[ECO "B23"]
[WhiteElo "2208"]
[BlackElo "1793"]
[PlyCount "281"]
[EventDate "2025.03.29"]
[EventType "swiss"]
[EventCountry "GRE"]
[SourceTitle "playchess.com"]
[Source "ChessBase"]
[SourceQuality "1"]
[TimeControl "40/5400+30:1800+30"]

1. e4 c5 2. Nc3 Nc6 3. f4 e6 4. Nf3 d5 5. Bb5 Nf6 6. d3 Qb6 7. Ne5 Be7 8. O-O O-O 9. Bxc6 bxc6 10. Kh1 Ba6 11. Qf3 Rfd8 12. b3 Rac8 13. Bb2 c4 14. dxc4 dxc4 15. Na4 Qb7 16. Nxc4 Bxc4 17. bxc4 Qa6 18. Bxf6 Bxf6 19. e5 Be7 20. Nc3 Qxc4 21. f5 exf5 22. Qxf5 g6 23. Qf3 Rd4 24. Rab1 Rf8 25. Rb7 Bg5 26. Ne2 Re4 27. Ng3 Rf4 28. Qd3 Rxf1+ 29. Nxf1 Qxd3 30. cxd3 Rd8 31. g3 Rxd3 32. Rxa7 Rd5 33. h4 Bh6 34. Nh2 Rxe5 35. Ng4 Re1+ 36. Kg2 Bf8 37. Rc7 Re2+ 38. Kf3 Re6 39. a4 h5 40. Nf2 c5 41. Ne4 Ra6 42. Nc3 Bg7 43. Rc8+ Kh7 44. Ne4 Bd4 45. Ng5+ Kg7 46. Rc7 Rxa4 47. Rxf7+ Kg8 48. Rd7 Ra3+ 49. Kg2 Be5 50. Nf3 Bf6 51. Nd2 Ra2 52. Kf3 Ra3+ 53. Kf4 Ra1 54. Rc7 Rc1 55. Ne4 Rf1+ 56. Ke3 Bd4+ 57. Ke2 Rg1 58. Kf3 Rf1+ 59. Kg2 Rc1 60. Kf3 c4 61. Kf4 Re1 62. Rxc4 Be3+ 63. Kf3 Bh6 64. Nd6 Re3+ 65. Kf2 Rd3 66. Ne4 Kf7 67. Rc7+ Kf8 68. Nf6 Rd6 69. Rc8+ Kf7 70. Ne4 Re6 71. Kf3 Ra6 72. Rc7+ Kf8 73. Nc5 Ra3+ 74. Kg2 Ra2+ 75. Kh3 Ra3 76. Rh7 Bd2 77. Ne6+ Ke8 78. Rg7 Be1 79. Rxg6 Kf7 80. Nf4 Bd2 81. Rg5 Bxf4 82. Rf5+ Kg6 83. Rxf4 Ra2 84. Rb4 Kf5 85. Rb6 Ra5 86. Rh6 Ke4 87. Rg6 Rb5 88. Rf6 Ke5 89. Rf3 Rb4 90. Rf8 Rb5 91. Rf7 Ra5 92. Rf2 Ra3 93. Kg2 Rb3 94. Rf8 Rb2+ 95. Kh3 Rb5 96. Rg8 Kf6 97. Re8 Rb2 98. Re3 Rb4 99. Rf3+ Kg6 100. Ra3 Kf6 101. Kg2 Kf5 102. Kf3 Rb5 103. Ra4 Rb3+ 104. Kg2 Rb2+ 105. Kh3 Rb3 106. Ra6 Rb5 107. Ra3 Rb2 108. Ra5+ Kg6 109. Ra6+ Kg7 110. Re6 Ra2 111. Re3 Ra4 112. Kg2 Ra2+ 113. Kf3 Ra4 114. Re4 Ra1 115. Rb4 Rf1+ 116. Ke4 Rg1 117. Kf4 Ra1 118. Rb7+ Kg6 119. Rb6+ Kg7 120. Re6 Ra4+ 121. Re4 Ra1 122. Kf5 Ra5+ 123. Re5 Ra3 124. Kf4 Kg6 125. Re6+ Kg7 126. Re4 Ra1 127. g4 Rf1+ 128. Kg5 hxg4 129. h5 g3 130. h6+ Kh8 131. Re8+ Kh7 132. Re7+ Kh8 133. Re8+ Kh7 134. Re7+ Kh8 135. Kg6 Rf8 136. Rh7+ Kg8 137. Rg7+ Kh8 138. Rh7+ Kg8 139. Rg7+ Kh8 140. Rh7+ Kg8 141. Rg7+ 1/2-1/2

[Event "European Womens-ch 2025"]
[Site "Rhodes"]
[Date "2025.03.31"]
[Round "1.62"]
[White "Recica, Jona"]
[Black "Mamedjarova, Turkan"]
[Result "0-1"]
[Annotator "RC"]
[ECO "B01"]
[WhiteElo "1716"]
[BlackElo "2206"]
[PlyCount "64"]
[EventDate "2025.03.29"]
[EventType "swiss"]
[EventCountry "GRE"]
[SourceTitle "playchess.com"]
[Source "ChessBase"]
[SourceQuality "1"]
[TimeControl "40/5400+30:1800+30"]

1. e4 d5 2. exd5 Qxd5 3. Nc3 Qd6 4. Nf3 Nf6 5. Bc4 e6 6. d4 Be7 7. Be3 a6 8. Qd2 b5 9. Bd3 Bb7 10. Ne5 Nbd7 11. f4 c5 12. Nxd7 Qxd7 13. dxc5 Qc6 14. b4 Rd8 15. Qe2 O-O 16. O-O Rfe8 17. Rf3 g6 18. Rg3 Bf8 19. Nxb5 axb5 20. Bxb5 Qe4 21. Bxe8 Nxe8 22. Qf3 Qxb4 23. c6 Qc3 24. Rf1 Bxc6 25. Qf2 Qc4 26. c3 Nf6 27. Rh3 Bb5 28. Rc1 Rd3 29. Qh4 Rxe3 30. Qxf6 Rxh3 31. gxh3 Bc5+ 32. Kg2 Qe2+ 0-1

[Event "European Womens-ch 2025"]
[Site "Rhodes"]
[Date "2025.03.31"]
[Round "1.63"]
[White "Dwilewicz, Katarzyna"]
[Black "Saraci, Ndriqona"]
[Result "1-0"]
[Annotator "RC"]
[ECO "B01"]
[WhiteElo "2203"]
[BlackElo "1692"]
[PlyCount "37"]
[EventDate "2025.03.29"]
[EventType "swiss"]
[EventCountry "GRE"]
[SourceTitle "playchess.com"]
[Source "ChessBase"]
[SourceQuality "1"]
[TimeControl "40/5400+30:1800+30"]

1. e4 d5 2. exd5 Qxd5 3. Nc3 Qd6 4. d4 c6 5. Nf3 Nf6 6. Ne5 Bf5 7. Bc4 Nd5 8. Qf3 e6 9. Nxd5 cxd5 10. Bd3 Nd7 11. O-O Nxe5 12. dxe5 Qxe5 13. Bf4 Qf6 14. Bb5+ Kd8 15. Rad1 a6 16. Qe3 Kc8 17. Bg5 Qg6 18. Qc3+ Kb8 19. Qe5+ 1-0

[Event "European Womens-ch 2025"]
[Site "Rhodes"]
[Date "2025.03.31"]
[Round "1.64"]
[White "Korinioti, Myrto"]
[Black "Gaboyan, Susanna"]
[Result "0-1"]
[Annotator "RC"]
[ECO "B33"]
[WhiteElo "1667"]
[BlackElo "2200"]
[PlyCount "124"]
[EventDate "2025.03.29"]
[EventType "swiss"]
[EventCountry "GRE"]
[SourceTitle "playchess.com"]
[Source "ChessBase"]
[SourceQuality "1"]
[TimeControl "40/5400+30:1800+30"]

1. e4 c5 2. Nf3 Nc6 3. d4 cxd4 4. Nxd4 Nf6 5. Nc3 e5 6. Ndb5 d6 7. Bg5 a6 8. Na3 b5 9. Nd5 Be7 10. Bxf6 Bxf6 11. c3 Bg5 12. Nc2 Ne7 13. Nxe7 Qxe7 14. Nb4 O-O 15. Nd5 Qb7 16. Be2 Be6 17. O-O f5 18. Bf3 Bxd5 19. Qxd5+ Qxd5 20. exd5 e4 21. Be2 f4 22. a4 f3 23. gxf3 exf3 24. Bd3 Rab8 25. axb5 axb5 26. Ra5 b4 27. c4 Bf6 28. b3 Bd4 29. Re1 Rbe8 30. Rxe8 Rxe8 31. Kf1 Bc3 32. Kg1 Re1+ 33. Bf1 Bd4 34. Ra2 Rb1 35. Rd2 Bc3 36. Rd3 Rxb3 37. Rxf3 Rb1 38. Kg2 Bf6 39. Re3 b3 40. Bd3 Rd1 41. Bxh7+ Kxh7 42. Rxb3 Bd4 43. f3 Rg1+ 44. Kh3 Rc1 45. Rb4 Be5 46. Kg4 Bxh2 47. Kf5 Rc3 48. Ke4 Bg1 49. Kf4 Kg6 50. Ra4 Kf6 51. Rb4 Bc5 52. Ra4 Ra3 53. Rxa3 Bxa3 54. Ke4 Kg5 55. f4+ Kg4 56. f5 Bc5 57. f6 gxf6 58. Kd3 Kg3 59. Ke4 Kg4 60. Kd3 Kf3 61. Kd2 Bb4+ 62. Kd1 Ke3 0-1

[Event "European Womens-ch 2025"]
[Site "Rhodes"]
[Date "2025.03.31"]
[Round "1.65"]
[White "Mgeladze, Kesaria"]
[Black "Kaka, Rengina Tsampika"]
[Result "1-0"]
[Annotator "RC"]
[ECO "B01"]
[WhiteElo "2200"]
[BlackElo "1509"]
[PlyCount "97"]
[EventDate "2025.03.29"]
[EventType "swiss"]
[EventCountry "GRE"]
[SourceTitle "playchess.com"]
[Source "ChessBase"]
[SourceQuality "1"]
[TimeControl "40/5400+30:1800+30"]

1. e4 d5 2. exd5 Qxd5 3. Nc3 Qa5 4. d4 Nf6 5. Nf3 Bf5 6. Bc4 e6 7. Bd2 c6 8. Nd5 Qd8 9. Nxf6+ Qxf6 10. Qe2 Bd6 11. Bg5 Qg6 12. d5 cxd5 13. Bxd5 Nc6 14. Bxc6+ bxc6 15. Qd2 Bc7 16. Nh4 Qh5 17. Nxf5 exf5 18. Qe3+ Kf8 19. Qc5+ Kg8 20. Qxc6 Ba5+ 21. c3 Rb8 22. Bf4 Rd8 23. O-O h6 24. a4 Kh7 25. Qb5 Qg4 26. Qxa5 Qxf4 27. Qxa7 Qc4 28. Qe3 Rhe8 29. Qf3 g6 30. a5 Ra8 31. b4 Qb5 32. Rfd1 Ra7 33. Rd5 Qa4 34. Qd1 Rae7 35. h3 Qxd1+ 36. Rdxd1 Ra8 37. b5 Re5 38. Rdb1 Kg7 39. b6 Re7 40. b7 Rb8 41. a6 g5 42. a7 Rexb7 43. axb8=Q Rxb8 44. Rxb8 f6 45. Ra7+ Kg6 46. g4 h5 47. Rg8+ Kh6 48. Rh8+ Kg6 49. gxh5# 1-0

[Event "European Womens-ch 2025"]
[Site "Rhodes"]
[Date "2025.03.31"]
[Round "1.66"]
[White "Lamprianou, Marianna"]
[Black "Ibrahimova, Sabina"]
[Result "0-1"]
[Annotator "RC"]
[ECO "B23"]
[WhiteElo "1498"]
[BlackElo "2199"]
[PlyCount "46"]
[EventDate "2025.03.29"]
[EventType "swiss"]
[EventCountry "GRE"]
[SourceTitle "playchess.com"]
[Source "ChessBase"]
[SourceQuality "1"]
[TimeControl "40/5400+30:1800+30"]

1. e4 c5 2. Nc3 g6 3. f4 Bg7 4. b3 Nc6 5. Bb5 Nd4 6. Be2 d5 7. d3 dxe4 8. dxe4 Nxb3 9. Bb2 Nxa1 10. Qxa1 Nf6 11. e5 Nd5 12. Bb5+ Bd7 13. Bc4 Ne3 14. Bd3 Nxg2+ 15. Kf2 Nxf4 16. Be4 O-O 17. Bxb7 Rb8 18. Bf3 Bxe5 19. Nge2 Nxe2 20. Bxe2 Qb6 21. Bc1 Qf6+ 22. Kg1 Bd4+ 23. Kg2 Qf2# 0-1

[Event "European Womens-ch 2025"]
[Site "Rhodes"]
[Date "2025.03.31"]
[Round "1.67"]
[White "Prado Acebo, Ines"]
[Black "Revelioti, Eleni Nefeli"]
[Result "1-0"]
[Annotator "RC"]
[ECO "D06"]
[WhiteElo "2199"]
[BlackElo "1470"]
[PlyCount "53"]
[EventDate "2025.03.29"]
[EventType "swiss"]
[EventCountry "GRE"]
[SourceTitle "playchess.com"]
[Source "ChessBase"]
[SourceQuality "1"]
[TimeControl "40/5400+30:1800+30"]

1. Nf3 Nf6 2. c4 d5 3. cxd5 Qxd5 4. Nc3 Qd8 5. d4 e6 6. e4 Bb4 7. Bd3 a5 8. O-O h6 9. a3 Bxc3 10. bxc3 O-O 11. Qe2 b6 12. e5 Nd5 13. c4 Nc3 14. Qc2 Bb7 15. Qxc3 Bxf3 16. gxf3 f6 17. Be4 Ra7 18. f4 f5 19. Bg2 Nd7 20. Be3 Rf7 21. d5 Qe7 22. dxe6 Qxe6 23. Bd5 Qg6+ 24. Kh1 Nf8 25. Rg1 Qh7 26. Rg3 c5 27. Rag1 1-0